Map: Frozen Temple

Players

AnchorMan - Winner!

  • Race: Terran Terran
  • League: Gold
  • Spawn Location: 11:00

Fropez

  • Race: Protoss Protoss
  • League: Gold
  • Spawn Location: 5:00

VOD

Have the link to the VOD?

Description

Time

  • Played on: Nov. 17, 2016, 4:18 p.m.
  • Length: 8:51
Show
View Real Time Build Order
Export as new Build Order

AnchorMan Terran - Winner!

Build Orders: MMM Bio 

Get SALT Encoding   

  12  0:00  SCV  
  13  0:13  SCV  
  14  0:18  Supply Depot  
  14  0:25  SCV  
  14  0:28  Refinery  
  15  0:39  SCV  
  16  0:46  Barracks  
  16  0:52  SCV  
  17  1:04  SCV  
  17  1:07  Barracks  
  18  1:17  SCV  
  19  1:19  Refinery  
  19  1:33  Orbital Command  
  19  1:35  Reaper  
  20  1:50  Factory  
  20  2:04  Barracks Tech Lab  
  20  2:08  SCV  
  20  2:13  Supply Depot  
  21  2:16  Barracks Reactor  
  21  2:23  SCV  
  21  2:26  Stimpack  
  21  2:27  Marine  
  23  2:38  Starport  
  23  2:44  Marine  
  23  2:47  Factory Reactor  
  24  2:55  Supply Depot  
  24  2:57  Marine  
  24  3:02  Marine  
  24  3:03  Marine  
  26  3:12  SCV  
  27  3:14  Marine  
  28  3:21  Marine  
  28  3:25  Supply Depot  
  29  3:29  Marine  
  29  3:32  Marine  
  29  3:33  Medivac  
  33  3:38  SCV  
  33  3:39  Marine  
  35  3:47  Marine  
  36  3:48  Supply Depot  
  36  3:52  Engineering Bay  
  36  3:54  SCV  
  37  4:02  Marine x2  
  39  4:06  SCV  
  40  4:11  Medivac  
  42  4:21  Marine x3  
  42  4:24  Medivac  
  47  4:28  Supply Depot  
  47  4:34  Terran Infantry Armor Level 1  
  47  4:41  Marine x3  
  44  5:11  Marine x2, Marauder  
  44  5:15  Medivac  
  44  5:20  Combat Shields  
  46  5:22  SCV  
  47  5:29  Marine x2  
  47  5:34  Marine  
  50  5:43  Supply Depot  
  50  5:47  Marine x2  
  50  5:49  Barracks  
  52  5:50  Barracks  
  52  6:01  Marine  
  53  6:05  Marine  
  53  6:11  Command Center  
  46  6:57  Marine  
  46  6:58  Marine, Marauder  
  46  6:59  Medivac x2  
  52  7:15  Marine x2  
  50  7:19  Marauder  
  54  7:33  Marine x2  
  55  7:40  Marine  
  55  7:51  Marine  
  55  7:52  Marine  
  55  7:53  Medivac x2  
  55  7:58  Marine  
  62  8:14  Barracks Reactor x2  
Show
View Real Time Build Order
Export as new Build Order

Fropez Protoss 

Build Orders:  

Get SALT Encoding   

  12  0:01  Probe (Chrono Boost)  
  13  0:13  Probe (Chrono Boost)  
  14  0:18  Pylon  
  14  0:23  Probe (Chrono Boost)  
  15  0:37  Probe (Chrono Boost)  
  15  0:41  Gateway  
  16  0:46  Assimilator  
  16  0:50  Probe (Chrono Boost)  
  17  1:00  Probe (Chrono Boost)  
  18  1:06  Assimilator  
  18  1:18  Pylon, Probe (Chrono Boost)  
  19  1:29  Cybernetics Core  
  19  1:31  Probe (Chrono Boost)  
  20  1:51  Probe (Chrono Boost)  
  21  1:58  Gateway  
  21  2:01  Pylon  
  21  2:06  Warp Gate (Chrono Boost), Mothership Core (Chrono Boost)  
  22  2:26  Probe  
  22  2:28  Robotics Facility  
  23  2:38  Stalker  
  23  2:39  Probe  
  26  2:47  Adept  
  28  2:52  Probe  
  29  3:04  Probe  
  30  3:08  Stalker  
  32  3:14  Adept  
  34  3:22  Pylon  
  34  3:24  Observer, Probe  
  36  3:47  Probe  
  37  3:50  Nexus  
  37  3:59  Probe  
  38  4:08  Immortal  
  42  4:11  Probe  
  43  4:22  Stalker  
  45  4:28  Probe  
  46  4:40  Probe  
  46  4:43  Pylon  
  47  4:45  Forge  
  47  4:49  Twilight Council  
  47  5:01  Probe  
  48  5:09  Probe  
  49  5:15  Assimilator  
  49  5:17  Assimilator  
  49  5:20  Probe x2  
  50  5:23  Photon Cannon  
  51  5:32  Probe  
  52  5:37  Pylon  
  52  5:39  Warp Prism  
  52  5:41  Photon Cannon  
  52  5:42  Probe  
  54  5:44  Probe  
  56  5:50  Adept  
  56  5:53  Probe  
  60  5:57  Probe  
  60  6:05  Probe  
  60  6:09  Probe  
  60  6:10  Stalker  
  64  6:15  Probe  
  65  6:24  Stalker  
  59  6:39  Mothership Core  
  59  6:45  Stalker  
  65  6:48  Protoss Ground Weapons Level 1 (Chrono Boost)  
  65  6:52  Stalker  
  52  7:18  Adept  
  52  7:19  Adept  
  56  7:39  Pylon  
  56  7:42  Pylon  
  52  7:47  Immortal  
  50  7:55  Stalker x2  
  50  8:03  Probe  
  50  8:04  Probe  
  50  8:23  Nexus  
  50  8:26  Assimilator  
  50  8:28  Assimilator  
  50  8:32  Pylon, Photon Cannon  
  50  8:34  Adept x2  
  53  8:35  Pylon  
Tags
 
Composition
MMM Bio
League
GoldGold
Matchup
PvT
Replay Pack
From the laptop
Spawn Locations
Cross Positions
Add a new tag
Caveats
  • Supply blocks, unpowered buildings, or Contaminate may cause inaccurate times.
  • Supply counts are checked every 10 seconds.